 Dungeon Crawl Stone Soup version 0.30-b1-2-g02819fbbbe (webtiles) character file.

Game seed: 7086810547989315125

165811 dorian the Tortoise (level 17, 0/148 HPs)
             Began as a Minotaur Fighter on May 9, 2023.
             Was the Champion of Qazlal.
             Slain by a vampire knight
             ... wielding a +0 war axe
              (9 damage)
             ... on level 2 of the Depths.
             The game lasted 00:46:49 (22685 turns).

dorian the Tortoise (Minotaur Fighter)             Turns: 22685, Time: 00:46:50

Health: 0/148      AC: 35    Str: 29    XL:     17   Next: 28%
Magic:  24/24      EV:  9    Int:  8    God:    Qazlal [******]
Gold:   2397       SH: 26    Dex: 10    Spells: 16/16 levels left

rFire   + + .        b - +5 broad axe (elec)
rCold   . . .        r - +1 kite shield
rNeg    + + +        v - +2 plate armour {rF+}
rPois   +            Y - +2 hat
rElec   +            P - +2 cloak
rCorr   +            e - +0 pair of gloves "Lygh" {rCorr Str+2}
SInv    .            S - +1 pair of boots "Kair" {rElec rF+ rN+++ Regen+ Str-2}
Will    +....        B - amulet of reflection Stlth
                     l - ring "Ovuabueh" {rElec rN+ rCorr Int+3}
HPRegen 1.24/turn    J - ring of poison resistance
MPRegen 0.19/turn

%: repel missiles, reflection
@: flayed, protected from physical damage
A: horns 2, retaliatory headbutt
a: Renounce Religion, Upheaval, Elemental Force, Disaster Area


You were on level 2 of the Depths.
You worshipped Qazlal.
Qazlal was exalted by your worship.
You visited 4 branches of the dungeon, and saw 24 of its levels.
You also visited: Gauntlet.

You collected 3132 gold pieces.
You spent 735 gold pieces at shops.

Inventory:

Hand Weapons
 b - a +5 broad axe of electrocution (weapon)
 k - a +4 heavy war axe
 R - the +5 flail of Chance {freeze, rElec Dex+3}
   (You took it off a minotaur in a Gauntlet)

   Dex:       It affects your dexterity (+3).
   rElec:     It insulates you from electricity.
Missiles
 O - 30 boomerangs (quivered)
 U - 2 silver javelins
Armour
 e - the +0 pair of gloves "Lygh" (worn) {rCorr Str+2}
   (You found it on level 5 of the Dungeon)

   Str:       It affects your strength (+2).
   rCorr:     It protects you from acid and corrosion.
 r - a +1 kite shield (worn)
 u - a +3 chain mail of cold resistance
 v - a +2 plate armour of fire resistance (worn)
 P - a +2 cloak (worn)
 S - the +1 pair of boots "Kair" (worn) {rElec rF+ rN+++ Regen+ Str-2}
   (You found it in a Gauntlet)

   Str:       It affects your strength (-2).
   rF:        It protects you from fire.
   rElec:     It insulates you from electricity.
   rN:        It renders you almost immune to negative energy.
   Regen:     It increases your rate of health regeneration.
 Y - a +2 hat (worn)
Jewellery
 i - a ring of willpower
 l - the ring "Ovuabueh" (left hand) {rElec rN+ rCorr Int+3}
   (You found it on level 5 of the Lair of Beasts)

   [ring of positive energy]

   Int:       It affects your intelligence (+3).
   rElec:     It insulates you from electricity.
   rN:        It protects you from negative energy.
   rCorr:     It protects you from acid and corrosion.
 B - an amulet of reflection (around neck)
 J - a ring of poison resistance (right hand)
 M - a ring of ice
Wands
 a - a wand of flame (41)
 m - a wand of polymorph (18)
 z - a wand of paralysis (22)
 A - a wand of digging (10)
 D - a wand of iceblast (14)
 G - a wand of mindburst (6)
 H - a wand of light (4)
Scrolls
 c - a scroll of enchant weapon
 f - a scroll of brand weapon
 g - 4 scrolls of amnesia
 h - 10 scrolls of teleportation
 n - 9 scrolls of identify
 x - 3 scrolls of blinking
 y - 3 scrolls of immolation
 C - a scroll of silence
 F - 4 scrolls of poison
 I - 4 scrolls of fog
 N - a scroll of torment
 Q - 3 scrolls of enchant armour
 V - 4 scrolls of fear
 Z - 2 scrolls of summoning
Potions
 d - 3 potions of might
 j - 2 potions of lignification
 p - 4 potions of mutation
 q - 10 potions of curing
 s - 6 potions of flight
 t - 5 potions of heal wounds
 w - 4 potions of cancellation
 E - 10 potions of ambrosia
 L - 3 potions of invisibility
 W - a potion of brilliance
Miscellaneous
 o - a phantom mirror
 T - a lightning rod (4/4)
 X - a tin of tremorstones (2/2)


   Skills:
 + Level 12.8 Fighting
 + Level 19.6 Axes
 + Level 20.3 Armour
 - Level 2.0 Dodging
 - Level 0.6 Stealth
 + Level 15.5 Shields
 + Level 11.8 Invocations


You had 16 spell levels left.
You didn't know any spells.
Your spell library contained the following spells:

 Spells                   Type           Power      Damage    Failure   Level
 Apportation              Tloc           0%         N/A       94%         1
 Necrotise                Necr           0%         1d4       94%         1
 Summon Small Mammal      Summ           0%         N/A       94%         1
 Cigotuvi's Dreadful Rot  Necr/Pois/Air  0%         N/A       98%         2
 Call Canine Familiar     Summ           0%         N/A       100%        3
 Inner Flame              Hex/Fire       0%         N/A       100%        3
 Summon Guardian Golem    Hex/Summ       0%         N/A       100%        3
 Vampiric Draining        Necr           0%         2d6       100%        3
 Vhi's Electric Charge    Tloc/Air       0%         N/A       100%        3
 Dispel Undead            Necr           0%         3d6       100%        4
 Petrify                  Tmut/Erth      0%         N/A       100%        4
 Agony                    Necr           0%         N/A       100%        5
 Arcjolt                  Conj/Air       0%         1d10      100%        5
 Fireball                 Conj/Fire      0%         3d3       100%        5
 Iskenderun's Battlesphe  Conj           0%         2d6       100%        5
 Metabolic Englaciation   Hex/Ice        0%         N/A       100%        5
 Yara's Violent Unravell  Hex/Tmut       0%         3d3       100%        5
 Conjure Ball Lightning   Conj/Air       0%         3x3d6     100%        6
 Death Channel            Necr           0%         N/A       100%        6
 Plasma Beam              Fire/Air       0%         2x1d11    100%        6
 Statue Form              Tmut/Erth      0%         N/A       100%        6
 Enfeeble                 Hex            0%         N/A       100%        7
 Orb of Destruction       Conj           0%         9d5       100%        7


Dungeon Overview and Level Annotations

Branches:
Dungeon (15/15)            Temple (0/1) D:7            Lair (5/5) D:9
 Shoals (0/4) Lair:3        Snake (0/4) Lair:2        Slime (0/5) Lair:5
    Orc (2/2) D:10            Elf (0/3) Orc:2        Vaults (0/5) D:13
 Depths (2/4) D:15        Gauntlet (visited)

Altars:
Cheibriados
Elyvilon
Gozag
Kikubaaqudgha
Nemelex Xobeh
Qazlal
Ru
Trog
Uskayaw

Shops:
D:1 [   D:10 *   D:14 (   Orc:2 [*:[*   Depths:1 *

Portals:
Hell: Depths:1
Trove: D:12 (give 6 scrolls of fear)


Innate Abilities, Weirdness & Mutations

You have a pair of horns on your head.
You reflexively headbutt those who attack you in melee.


Message History

The ice dragon breathes frost at you. The blast of cold hits you!!!
Your resistance to physical damage fades away.
You feel protected from cold.
* * * LOW HITPOINT WARNING * * *
The vampire knight casts a spell.
The vampire knight seems to speed up.
Blink to where?
Press: ? - help, Dir - move target
As you read the scroll of blinking, it crumbles to dust.
You feel much better.
The vampire knight gestures at you while chanting.
You suddenly lose the ability to move!
You hear a shout!
The vampire knight gestures wildly while chanting.
The vampire knight flickers and vanishes!
Deactivating autopickup; reactivate with Ctrl-A.
Something tries to affect you, but you resist.
You can move again.
Something unseen opens the door.
The ice dragon breathes frost at you.
The blast of cold hits you but does no damage.
You hear a sizzling sound!
You block something's attack. Something bites you.
* * * LOW HITPOINT WARNING * * *
There is a stone staircase leading up here.
You hear some strange, mumbled words.
Something tries to affect you, but you resist.
The ice dragon breathes frost at you. The blast of cold hits you!! You resist.
* * * LOW HITPOINT WARNING * * *
The flayed ghost stares at you with tortured malice.
Terrible wounds spread across more of your body!
* * * LOW HITPOINT WARNING * * *
Something hits you!
* * * LOW HITPOINT WARNING * * *
Your resistance to cold fades away.
You feel protected from physical attacks.
Something bites you!
You die...

###...#####........
###..C........##'####
###...#W#########......
##...##D................
#..## #.................
##... +.○...............
#...# #..§.............. ##
##.#.# #§.○.............. .#
#....# #@.............<..
.##
##....####○................
..#
#..#.....'.................
..##
##.##.#####.................
...# #..##.#
#.................
.#.#+#.###.#
#................. .#..#..#
#.# #..............).
.##.#.## #.#
#####'####+#####+ .##...#
#.# #.##


You could see an ice dragon (catching breath), an ettin and a flayed ghost.

Vanquished Creatures
  Saint Roka (Orc:2)
  Frances (D:13)
  A tengu reaver (Depths:1)
  Roxanne (D:15)
  2 fire giants (Depths:1)
  A frost giant (Depths:1)
  4 spectral caustic shrikes (Depths:1)
  A stone giant (Depths:1)
  4 dire elephants (Lair:5)
  A minotaur (Gauntlet)
  2 jiangshi (Depths:1)
  2 ettins (Depths:1)
  Snorg (D:10)
  Erolcha (D:13)
  Fannar (D:10)
  3 hydras
  2 rakshasas (Depths:1)
  The ghost of windycow the Skirmisher, a journeyman BaHu of Cheibriados (D:10)
  3 ice dragons (Depths:1)
  8 centaur warriors
  5 boulder beetles
  An ogre mage (D:15)
  An alligator (shapeshifter) (D:15)
  2 dancing weapons (D:13)
  9 death yaks
  3 deep troll earth magi (Depths:1)
  6 tengu warriors
  3 two-headed ogres
  A spriggan berserker (Depths:2)
  A deep troll shaman (Depths:1)
  3 orc high priests (Orc:2)
  A vampire mage (Depths:1)
  Sonja (D:10)
  3 spriggans (Depths:2)
  3 iron trolls (Depths:1)
  A spectral anaconda (Lair:5)
  Lodul (D:10)
  7 deep trolls
  2 obsidian statues
  A glowing orange brain (Depths:2)
  A lindwurm (Lair:5)
  4 necromancers (Lair:5)
  A wizard (Depths:1)
  6 ugly things
  8 orc knights
  3 deep elf pyromancers
  A wolf spider (D:15)
  9 cyclopes
  A manticore (shapeshifter) (D:15)
  6 orc sorcerers
  4 oklob plants
  5 manticores
  2 salamanders (shapeshifter)
  23 elephants
  5 black mambas
  A gargoyle (D:12)
  Maurice (D:10)
  3 minotaur zombies (Gauntlet)
  8 cane toads
  Maggie (D:10)
  A kobold demonologist (D:14)
  3 efreet
  3 rime drakes
  10 komodo dragons
  4 tengu conjurers
  A queen bee (Lair:1)
  A polar bear (Lair:5)
  7 trolls
  A wind drake (Lair:3)
  6 hornets
  A raiju (shapeshifter) (D:14)
  7 blink frogs
  6 dream sheep (Lair:4)
  4 slime creatures
  3 flying skulls (Gauntlet)
  A vampire (D:13)
  8 wyverns
  6 water elementals
  60 yaks
  4 steam dragons
  The ghost of Arcadio the Poker, an amateur MfRe (D:6)
  12 vampire mosquitoes
  3 basilisks
  Grum (D:9)
  3 nagas (Lair:2)
  Menkaure (D:7)
  A death yak simulacrum (Lair:5)
  An acid dragon (D:8)
  A spectral cane toad (Lair:5)
  7 wargs
  8 water moccasins
  Duvessa (D:4)
  33 orc warriors
  A floating eye (D:15)
  4 ice beasts
  2 sky beasts (D:8)
  An elephant zombie (Lair:5)
  21 wolves
  19 ogres
  11 centaurs
  A phantom (D:4)
  7 kobold brigands
  14 bullfrogs
  2 scorpions
  6 wights
  Dowan (D:4)
  40 killer bees
  An electric eel (Lair:5)
  11 howler monkeys
  2 sleepcaps (D:6)
  A hound (D:7)
  2 jellies
  A gnoll bouda (D:5)
  22 orc priests
  Crazy Yiuf (D:7)
  3 iguanas
  5 hell rats (Lair:5)
  25 orc wizards
  A mummy (D:5)
  10 gnolls
  10 adders
  2 ufetubi
  3 worms
  85 orcs
  5 endoplasms
  7 giant cockroaches
  5 goblins
  10 hobgoblins
  3 jackals (D:2)
  30 kobolds
  4 quokkas
  6 ball pythons
  7 bats
  2 frilled lizards
  10 rats
803 creatures vanquished.

Vanquished Creatures (collateral kills)
  A manticore (D:14)
  A cane toad (Lair:5)
  A water moccasin (Lair:5)
3 creatures vanquished.

Vanquished Creatures (others)
  16 fungi
  30 plants
  41 withered plants
87 creatures vanquished.

Grand Total: 893 creatures vanquished

Notes
Turn   | Place    | Note
-------+----------+-------------------------------------------
     0 | D:1      | dorian the Minotaur Fighter began the quest for the Orb.
     0 | D:1      | Reached XP level 1. HP: 19/19 MP: 0/0
   145 | D:1      | Found Yqy Ebij's Armour Emporium.
   171 | D:1      | Found a faded altar of an unknown god.
   193 | D:1      | Prayed at the altar of an unknown god.
   193 | D:1      | Became a worshipper of Qazlal Stormbringer
   193 | D:1      | Reached * piety under Qazlal
   219 | D:1      | Reached XP level 2. HP: 23/26 MP: 1/1
   285 | D:1      | Reached skill level 4 in Armour
   759 | D:2      | Reached XP level 3. HP: 29/31 MP: 2/2
   809 | D:2      | Reached ** piety under Qazlal
  1280 | D:2      | Reached XP level 4. HP: 39/39 MP: 3/3
  1353 | D:3      | Reached skill level 5 in Axes
  1368 | D:3      | Found a sacrificial altar of Ru.
  2010 | D:4      | Reached XP level 5. HP: 45/45 MP: 4/4
  2081 | D:4      | Noticed a phantom
  2091 | D:4      | Killed a phantom
  2292 | D:4      | Reached *** piety under Qazlal
  2391 | D:4      | Noticed an ogre
  2395 | D:4      | Killed an ogre
  2396 | D:4      | Reached XP level 6. HP: 51/51 MP: 5/5
  2400 | D:4      | Noticed Dowan
  2401 | D:4      | Noticed Duvessa
  2429 | D:4      | Killed Duvessa
  2430 | D:4      | Reached skill level 1 in Dodging
  2434 | D:4      | HP: 1/51 [Dowan/puff of flame (8)]
  2445 | D:4      | HP: 2/51 [Dowan/shard of ice (17)]
  2451 | D:4      | Killed Dowan
  3164 | D:5      | Entered Level 5 of the Dungeon
  3175 | D:5      | Noticed an ice beast
  3177 | D:5      | Reached XP level 7. HP: 56/57 MP: 6/6
  3238 | D:5      | Reached skill level 5 in Armour
  3563 | D:5      | Found a snail-covered altar of Cheibriados.
  3578 | D:5      | Reached skill level 10 in Axes
  3700 | D:5      | Reached XP level 8. HP: 64/64 MP: 7/7
  3931 | D:5      | Found an ancient bone altar of Kikubaaqudgha.
  3940 | D:5      | Identified the +0 pair of gloves "Lygh" {rCorr Str+2}
  4325 | D:6      | Identified the -1 pair of gloves of Ytsuigre {Int+2 Stlth+}
  4369 | D:6      | Reached **** piety under Qazlal
  4424 | D:6      | Reached skill level 6 in Armour
  4746 | D:6      | Reached skill level 7 in Armour
  4763 | D:6      | Identified the +5 whip of Huleij {heavy, *Rage Dex+3
                  | Stlth+}
  4849 | D:6      | Reached skill level 5 in Shields
  4851 | D:6      | Found a large runed translucent door.
  4851 | D:6      | Found a large runed translucent door.
  4856 | D:6      | Noticed Arcadio's ghost (amateur MfRe)
  4999 | D:6      | Killed Arcadio's ghost
  5042 | D:7      | Reached XP level 9. HP: 70/70 MP: 8/8
  5091 | D:6      | Reached skill level 8 in Armour
  5327 | D:7      | Found a bloodstained altar of Trog.
  5381 | D:7      | Noticed a troll
  5409 | D:7      | Killed a troll
  5410 | D:7      | Reached skill level 9 in Armour
  5431 | D:7      | Reached ***** piety under Qazlal
  5511 | D:7      | Found a runed translucent door.
  5512 | D:7      | Noticed Crazy Yiuf
  5683 | D:7      | Noticed Menkaure
  5747 | D:7      | Killed Menkaure
  5929 | D:7      | Reached XP level 10. HP: 63/77 MP: 9/9
  5936 | D:7      | Reached skill level 10 in Armour
  6138 | D:7      | Found a staircase to the Ecumenical Temple.
  6228 | D:7      | Found a hide-covered altar of Uskayaw.
  6294 | D:7      | Killed Crazy Yiuf
  6453 | D:8      | Reached skill level 1 in Invocations
  6541 | D:8      | Paralysed by a hornet for 3 turns
  6807 | D:8      | Found a white marble altar of Elyvilon.
  7020 | D:9      | Noticed Grum
  7025 | D:9      | Reached skill level 11 in Armour
  7037 | D:9      | Killed Grum
  7328 | D:9      | Reached XP level 11. HP: 82/82 MP: 12/12
  7493 | D:9      | Found a staircase to the Lair.
  7845 | D:10     | Entered Level 10 of the Dungeon
  7887 | D:10     | Found a runed translucent gate.
  7887 | D:10     | Found a runed translucent gate.
  7888 | D:10     | Found a runed translucent gate.
  7889 | D:10     | Noticed an orc knight
  7890 | D:10     | Found an opulent altar of Gozag.
  7890 | D:10     | Found Qauskosy's Assorted Antiques.
  7891 | D:10     | Noticed windycow's ghost (journeyman BaHu)
  8088 | D:10     | Noticed Snorg
  8098 | D:10     | Killed Snorg
  8099 | D:10     | Reached skill level 12 in Armour
  8182 | D:10     | Noticed Fannar
  8199 | D:10     | Reached ****** piety under Qazlal
  8201 | D:10     | Killed Fannar
  8202 | D:10     | Reached skill level 15 in Axes
  8600 | D:10     | Noticed Maurice
  8627 | D:10     | Killed Maurice
  8651 | D:10     | Noticed Lodul
  8973 | D:10     | Killed Lodul
  8974 | D:10     | Reached skill level 13 in Armour
  9334 | D:10     | Found a staircase to the Orcish Mines.
  9464 | D:10     | Noticed Maggie
  9470 | D:10     | Killed Maggie
  9471 | D:10     | Reached skill level 5 in Invocations
  9665 | D:10     | Noticed Sonja
  9708 | D:10     | Killed Sonja
  9709 | D:10     | Reached XP level 12. HP: 65/90 MP: 8/14
 10159 | D:10     | Killed windycow's ghost
 10202 | D:10     | Bought a scroll labelled WEVENU LEOSKYZ for 26 gold pieces
 10204 | D:10     | Acquired a +2 broad axe of electrocution
 10290 | D:11     | Reached skill level 14 in Armour
 10290 | D:11     | Reached skill level 10 in Shields
 10306 | D:11     | Identified the +4 spear of Discretion {freeze, Dex+4}
 10865 | D:12     | Noticed a centaur warrior
 10875 | D:12     | Killed a centaur warrior
 11315 | D:12     | Found a portal to a secret trove of treasure.
 11498 | D:13     | Noticed a boulder beetle
 11509 | D:13     | Noticed a two-headed ogre
 11513 | D:13     | Killed a boulder beetle
 11514 | D:13     | Reached skill level 5 in Fighting
 11605 | D:13     | Reached skill level 15 in Armour
 11816 | D:13     | Noticed a centaur warrior
 11821 | D:13     | Killed a centaur warrior
 11874 | D:13     | Killed a two-headed ogre
 11905 | D:13     | Noticed a centaur warrior
 11908 | D:13     | Killed a centaur warrior
 11928 | D:13     | Reached XP level 13. HP: 86/102 MP: 17/17
 11990 | D:13     | Noticed Frances
 11999 | D:13     | Killed Frances
 12214 | D:13     | Noticed Erolcha
 12226 | D:13     | Killed Erolcha
 12442 | D:13     | Found a gate to the Vaults.
 12709 | D:14     | Found Mevexzyowk's Antique Weapon Shop.
 12843 | D:14     | Found a sparkling altar of Nemelex Xobeh.
 12950 | D:14     | Found a gate leading to a gauntlet.
 12977 | Gauntlet | Entered a Gauntlet
 12977 | Gauntlet | Found a transporter.
 13066 | Gauntlet | Found a transporter.
 13075 | Gauntlet | Found a transporter.
 13083 | Gauntlet | Found a transporter.
 13101 | Gauntlet | Found a transporter.
 13118 | Gauntlet | Found a transporter.
 13130 | Gauntlet | Found a transporter.
 13142 | Gauntlet | Found a transporter.
 13150 | Gauntlet | Found a large runed translucent door.
 13151 | Gauntlet | Found a large runed translucent door.
 13152 | Gauntlet | Found a large runed translucent door.
 13152 | Gauntlet | Found a large runed translucent door.
 13153 | Gauntlet | Found a runed translucent gate.
 13154 | Gauntlet | Found a transporter.
 13154 | Gauntlet | Found a runed translucent gate.
 13155 | Gauntlet | Found a runed translucent gate.
 13156 | Gauntlet | Found a large runed translucent door.
 13156 | Gauntlet | Found a large runed translucent door.
 13157 | Gauntlet | Found a large runed translucent door.
 13158 | Gauntlet | Found a large runed translucent door.
 13166 | Gauntlet | Found a transporter.
 13184 | Gauntlet | Found a large runed translucent door.
 13184 | Gauntlet | Found a large runed translucent door.
 13184 | Gauntlet | Found a runed translucent door.
 13184 | Gauntlet | Found a runed translucent door.
 13185 | Gauntlet | Found a large runed translucent door.
 13186 | Gauntlet | Found a large runed translucent door.
 13188 | Gauntlet | Found a transporter.
 13188 | Gauntlet | Found a transporter.
 13238 | Gauntlet | Found a large runed translucent door.
 13238 | Gauntlet | Found a large runed translucent door.
 13238 | Gauntlet | Found a transporter.
 13239 | Gauntlet | Found a large runed translucent door.
 13240 | Gauntlet | Found a large runed translucent door.
 13269 | Gauntlet | Found a transporter.
 13269 | Gauntlet | Found a transporter.
 13271 | Gauntlet | Found a transporter.
 13301 | Gauntlet | Found a transporter.
 13303 | Gauntlet | Found a transporter.
 13334 | Gauntlet | Reached skill level 16 in Armour
 13498 | Gauntlet | Identified the +1 pair of boots "Kair" {rElec rF+ rN+++
                  | Regen+ Str-2}
 13524 | Gauntlet | Identified the +5 flail of Chance {freeze, rElec Dex+3}
 13524 | Gauntlet | Noticed a minotaur
 13536 | Gauntlet | Killed a minotaur
 13548 | Gauntlet | Identified the +1 falchion of the Pyrrhic Victory {pain,
                  | *Corrode rC+ Int+2 Stlth+}
 14035 | Lair:1   | Entered Level 1 of the Lair of Beasts
 14592 | Lair:1   | Reached XP level 14. HP: 110/114 MP: 19/19
 14599 | Lair:1   | Reached skill level 17 in Armour
 15337 | Lair:2   | Found a staircase to the Snake Pit.
 16037 | Lair:3   | Found a staircase to the Shoals.
 16103 | Lair:3   | Reached XP level 15. HP: 124/124 MP: 20/20
 16511 | Lair:4   | Reached skill level 18 in Armour
 16684 | Lair:4   | You fall into a shaft and drop 1 floor!
 16684 | Lair:5   | Entered Level 5 of the Lair of Beasts
 16684 | Lair:5   | Identified the ring "Ovuabueh" {rElec rN+ rCorr Int+3}
 17071 | Lair:4   | Reached skill level 10 in Fighting
 17556 | Lair:5   | Identified the +0 leather armour "Buacvyk" {rElec rPois
                  | Regen+}
 17911 | Lair:5   | Found a staircase to the Slime Pits.
 17927 | Lair:5   | Reached skill level 19 in Armour
 17993 | Lair:5   | Reached XP level 16. HP: 112/135 MP: 22/22
 18140 | Lair:5   | Reached skill level 10 in Invocations
 18728 | Orc:1    | Entered Level 1 of the Orcish Mines
 18857 | Orc:2    | Entered Level 2 of the Orcish Mines
 19347 | Orc:2    | Found Sejiab's Armour Boutique.
 19505 | Orc:2    | Paralysed by an orc sorcerer for 5 turns
 19644 | Orc:2    | Noticed Saint Roka
 19661 | Orc:2    | Killed Saint Roka
 19757 | Orc:2    | Found a staircase to the Elven Halls.
 19976 | Orc:2    | Found Vacastru's Book Emporium.
 19976 | Orc:2    | Found Fippeyf's Assorted Antiques.
 19978 | Orc:2    | Found Agonah's General Store.
 19978 | Orc:2    | Found Zulam's Armour Boutique.
 19993 | Orc:2    | Bought 2 potions of might for 112 gold pieces
 19993 | Orc:2    | Bought a scroll of blinking for 105 gold pieces
 19993 | Orc:2    | Bought a potion of curing for 42 gold pieces
 20153 | D:15     | Entered Level 15 of the Dungeon
 20600 | D:15     | Paralysed by a floating eye for 2 turns
 20714 | D:15     | Found a staircase to the Depths.
 20800 | D:15     | Noticed Roxanne
 20817 | D:15     | Killed Roxanne
 21187 | Depths:1 | Entered Level 1 of the Depths
 21197 | Depths:1 | Noticed a tengu reaver
 21218 | Depths:1 | Killed a tengu reaver
 21240 | D:15     | Reached skill level 20 in Armour
 21337 | Depths:1 | Reached skill level 15 in Shields
 21535 | Depths:1 | Reached XP level 17. HP: 124/146 MP: 24/24
 21756 | Depths:1 | Found a gateway to Hell.
 21977 | Depths:1 | Found Kaomyth's Neck Hole.
 21985 | Depths:1 | Bought an amulet of reflection for 450 gold pieces
 22670 | Depths:2 | Noticed a golden dragon
 22674 | Depths:2 | HP: 7/148 [ice dragon/blast of cold (50)]
 22676 | Depths:2 | Paralysed by a vampire knight for 3 turns
 22685 | Depths:2 | Slain by a vampire knight

Illustrated notes

Levels and vault maps discovered:
D:1:      dpeg_arrival_simpleton_c, layout_basic, serial_shops, shop,
          ebering_ecumenical_altar_petrified
D:2:      layout_loops_ring
D:3:      layout_loops_ring, hangedman_ru_absence, minmay_misc_feat_room
D:4:      layout_loops_corners, uniq_duvessa
D:5:      layout_basic, mainiacjoe_overflow_concentric_impassable, slow_altar_2,
          serial_park_tiny_pond, kennysheep_flooded_box
D:6:      layout_rooms, ebering_ghost_disaster_area, hellmonk_no_cap
D:7:      layout_cave_pools, nicolae_uskayaw_dance_studio, trog_antimagical,
          minmay_temple_entry_enclosed_plants, uniq_menkaure,
          uniq_crazy_yiuf_cottage
D:8:      layout_rooms, elyvilon_altar_3, minivault_26, lemuel_flamethrower_1
D:9:      layout_irregular_city, erik_lair_orcish_takeover, minivault_1,
          uniq_grum
D:10:     layout_loops_corners, david_orc_5, ebering_ghost_gozag,
          nicolae_underground_beach, uniq_lodul, uniq_fannar, uniq_sonja,
          uniq_snorg, uniq_maggie, uniq_maurice
D:11:     layout_roguey, hangedman_decor_lopped, nooodl_orcs_dogs
D:12:     layout_cave_pools, enter_trove_6, nicolae_wwwww
D:13:     layout_basic, erik_vaults_1, uniq_frances, uniq_erolcha
D:14:     layout_small_grid, serial_shops, shop_fountains,
          minmay_tree_intersection, gauntlet_entry_generic,
          nemelex_diamond_rough_becter
D:15:     hangedman_depths_entry_try_elsewhere_first, layout_basic,
          nicolae_titane, onia_ninara_cookie, uniq_roxanne
Lair:1:   layout_roguey [special_room_bee], infiniplex_staircase_pool_2,
          serial_bayou_shore_b, lemuel_fruit_tree, grunt_megastairs_4
Lair:2:   layout_cave_pods, nicolae_snake_entry_squirm
Lair:3:   layout_chaotic_city, minmay_shoals_entry_beasts
Lair:4:   layout_gridlike, grunt_megastairs_3, serial_bayou_shore_b
Lair:5:   due_jungle_book, layout_long_grid, minmay_slime_entry_oklob_enclosed,
          serial_bayou_shore_a, grunt_megastairs_1
Orc:1:    layout_diamond_mine, basic_altar, rock_pile
Orc:2:    grunt_orc_tribal_feast, layout_diamond_mine, serial_shops, shop,
          uniq_saint_roka
Depths:1: minmay_isolated_rectangles_in_corner, layout_gridlike,
          pf_hell_entry_tar_river, nicolae_shop_sticking_my_neck_out,
          uniq_asterion
Depths:2: minmay_the_grid_four_pointed_star [minmay_the_grid_triangle_9x9_sprig,
          minmay_the_grid_triangle_9x9_skeleton,
          minmay_the_grid_triangle_9x9_empty,
          minmay_the_grid_triangle_9x9_corruption,
          minmay_the_grid_prize_four_corners_diamond_a], layout_gridlike,
          pan_entry, hellmouth_1, serial_curves, eino_curves_03, eino_curves_03

Skill      XL: |  1  2  3  4  5  6  7  8  9 10 11 12 13 14 15 16 |
---------------+-------------------------------------------------+-----
Axes           | 3 4 5 7 8 10 11 13 14 15 16 17 18 19 | 19.6
Armour         | 4 5 7 9 11 13 15 16 17 19 20 | 20.3
Dodging        | 1 2 |  2.0
Shields        | 5 6 8 9 10 12 13 15 | 15.5
Invocations    | 3 5 6 8 9 11 | 11.8
Fighting       | 5 7 9 10 12 | 12.8
Stealth        | |  0.6

Action                     |  1- 3 |  4- 6 |  7- 9 | 10-12 | 13-15 | 16-18 || total
---------------------------+-------+-------+-------+-------+-------+-------++-------
  Melee: War axe           |    84 |    95 |   263 |   425 |       |       ||   867
         Headbutt          |    10 |    16 |    46 |   119 |   147 |   125 ||   463
         Broad axe         |       |       |       |   149 |   658 |   553 ||  1360
 Invoke: Elemental Force   |       |       |       |     1 |     2 |       ||     3
         Disaster Area     |       |       |       |       |       |     5 ||     5
  Evoke: Wand              |       |       |       |       |     9 |       ||     9
    Use: Scroll            |       |    10 |     6 |     9 |     6 |     1 ||    32
         Potion            |       |     5 |       |     2 |     2 |     3 ||    12
 Armour: Scale mail        |    28 |    16 |    14 |       |       |       ||    58
         Plate armour      |       |       |    57 |   137 |   225 |   199 ||   618
  Dodge: Dodged            |    31 |    20 |    64 |    65 |   113 |    78 ||   371
         Repelled          |       |       |       |     3 |     3 |     3 ||     9
  Block: Buckler           |    28 |       |       |       |       |       ||    28
         Kite shield       |     1 |    53 |   201 |   427 |   531 |   413 ||  1626
